Map: Barriera sommersa LE

Players

Kamenashi - Winner!

  • Race: Zerg Zerg
  • League: Diamond
  • Spawn Location: 11:00

Trebo

  • Race: Protoss Protoss
  • League: Platinum
  • Spawn Location: 5:00

VOD

Have the link to the VOD?

Description

Time

  • Played on: Jan. 2, 2018, 8:41 a.m.
  • Length: 3:22
Show
View Real Time Build Order
Export as new Build Order

Kamenashi Zerg - Winner!

Build Orders: Hatch First 

Get SALT Encoding   

  12  0:00  Drone  
  13  0:12  Overlord  
  13  0:19  Drone  
  14  0:31  Drone x2  
  16  0:52  Hatchery  
  16  0:57  Drone  
  16  1:10  Spawning Pool  
  15  1:14  Drone  
  15  1:17  Extractor  
  15  1:26  Drone x2  
  17  2:00  Queen  
  19  2:05  Queen  
  22  2:08  Drone  
  22  2:13  Zergling x6  
  25  2:24  Zergling x2  
  25  2:27  Spine Crawler  
  25  2:35  Drone x2  
  27  2:54  Spine Crawler  
Show
View Real Time Build Order
Export as new Build Order

Trebo Protoss 

Build Orders:  

Get SALT Encoding   

  12  0:00  Probe  
  13  0:13  Probe  
  14  0:24  Pylon  
  14  0:25  Probe  
  15  0:29  Assimilator  
  15  0:44  Gateway  
  15  0:48  Probe (Chrono Boost)  
  17  0:57  Probe (Chrono Boost)  
  17  1:02  Probe (Chrono Boost)  
  18  1:16  Probe (Chrono Boost)  
  19  1:21  Assimilator  
  20  1:26  Probe (Chrono Boost)  
  20  1:31  Probe (Chrono Boost)  
  20  1:32  Cybernetics Core  
  20  1:37  Pylon  
  21  1:43  Probe  
  22  1:55  Probe, Zealot  
  22  1:56  Pylon  
  25  2:19  Gateway  
  25  2:22  Stalker  
  27  2:28  Pylon  
  27  2:39  Gateway  
  27  2:59  Forge  
  27  3:16  Shield Battery  
Tags
 
Add a new tag
Caveats
  • Supply blocks, unpowered buildings, or Contaminate may cause inaccurate times.
  • Supply counts are checked every 10 seconds.